 Dungeon Crawl Stone Soup version 0.31-a0-691-g409c26aa35 (webtiles) character file.

Game seed: 17900324532043704176

2964959 Ofeo the Middleweight Champion (level 27, 266/266 HPs)
             Began as a Red Draconian Shapeshifter on Sept 3, 2023.
             Was the Champion of Wu Jian.
             Escaped with the Orb
             ... and 5 runes on Sept 6, 2023!
             The game lasted 02:20:56 (78493 turns).

Ofeo the Middleweight Champion (DrSh)              Turns: 78493, Time: 02:20:57

Health: 266/266    AC: 27    Str: 32    XL:     27
Magic:  32/32      EV: 33    Int: 12    God:    Wu Jian [******]
Gold:   9784       SH: 24    Dex: 25    Spells: 11/26 levels left

rFire   + +          +
                       - Unarmed
rCold   + . .        Z - +4 kite shield of the Garden {Will+}
rNeg    + . .        (body armour unavailable)
rPois   +            O - +3 crown of Dyrovepreva {rElec Int+2 SInv}
rElec   +            V - +2 cloak {rC+}
rCorr   +            Y - +2 pair of gloves {Dex+3}
SInv    +            d - +4 pair of boots "Fais" {Rampage Str+3}
Will    ++++.        F - amulet of the Tormentor {Reflect Rampage rElec Str+8 Int-5 SH+5}
Stlth   +++          U - ring "Didgh" {rF++ rN+ rCorr MP+9 Int+6}
HPRegen 0.64/turn    y - ring "Vanep" {rPois Will+ Dex+6 Stlth+}
MPRegen 0.23/turn

%: reflection
@: maw-form, studying 2 skills
A: devouring maw, breathe fire, AC +13, unfitting armour, fire resistance 1,
cold-blooded, horns 1, stinger 1, clumsy 2, deterioration 1, dopey 1, no potion
heal 1, subdued magic 1, MP-powered wands
0: Orb of Zot
}: 5/15 runes: decaying, slimy, silver, abyssal, gossamer
a: Breathe Fire, Begin Untransformation, Renounce Religion, Wall Jump, Serpent's
Lash, Heavenly Storm


You escaped.
You worshipped Wu Jian.
Wu Jian was exalted by your worship.
You were a creature with a mouth for a stomach.
You visited 12 branches of the dungeon, and saw 56 of its levels.
You visited the Abyss 1 time.
You visited 1 bazaar.
You also visited: Trove, Gauntlet and Ice Cave.

You collected 11975 gold pieces.
You spent 2191 gold pieces at shops.

Inventory:

Missiles
 j - 11 curare-tipped darts
 C - a throwing net
 K - 10 silver javelins
Armour
 d - the +4 pair of boots "Fais" (worn) {Rampage Str+3}
   (You acquired it on level 9 of the Dungeon)

   Str+3:     It affects your strength (+3).
   Rampage:   It bestows one free step when moving towards enemies.
 O - the +3 crown of Dyrovepreva (worn) {rElec Int+2 SInv}
   (You found it in a treasure trove)

   Int+2:     It affects your intelligence (+2).
   rElec:     It insulates you from electricity.
   SInv:      It lets you see invisible.
 V - a +2 cloak of cold resistance (worn)
 Y - a +2 pair of gloves of dexterity (worn)
 Z - the +4 kite shield of the Garden (worn) {Will+}
   (You found it in a treasure trove)

   Will+:     It increases your willpower.
Jewellery
 g - a ring of protection from cold
 y - the ring "Vanep" (right hand) {rPois Will+ Dex+6 Stlth+}
   (You bought it in a shop in a bazaar)

   [ring of dexterity]

   Dex+6:     It affects your dexterity (+6).
   rPois:     It protects you from poison Will+: It increases your willpower.
   Stlth+:    It makes you more stealthy.
 F - the amulet of the Tormentor (around neck) {Reflect Rampage rElec Str+8 Int-5 SH+5}
   (You took it off a kobold demonologist on level 14 of the Dungeon)

   [amulet of reflection]

   Reflect:   It reflects blocked missile attacks.
   Str+8:     It affects your strength (+8).
   Int-5:     It affects your intelligence (-5).
   rElec:     It insulates you from electricity.
   SH+5:      It affects your SH (+5).
   Rampage:   It bestows one free step when moving towards enemies.
 P - the ring of Elyvilon's Delight {rElec rC+ rCorr Int+3}
   (You found it on level 2 of the Crypt)

   [ring of resist corrosion]

   Int+3:     It affects your intelligence (+3).
   rC+:       It protects you from cold.
   rElec:     It insulates you from electricity.
   rCorr:     It protects you from acid and corrosion.
 U - the ring "Didgh" (left hand) {rF++ rN+ rCorr MP+9 Int+6}
   (You took it off a tengu reaver on level 5 of the Vaults)

   [ring of intelligence]

   Int+6:     It affects your intelligence (+6).
   rF++:      It greatly protects you from fire.
   rN+:       It protects you from negative energy.
   MP+9:      It affects your magic capacity (+9).
   rCorr:     It protects you from acid and corrosion.
Talismans
 b - a maw talisman (active)
 M - a storm talisman
Wands
 c - a wand of digging (16) {@v1}
 f - a wand of acid (67) {@v2}
 t - a wand of charming (82)
 w - a wand of mindburst (75)
 D - a wand of flame (81)
 J - a wand of iceblast (36) {@v4}
Scrolls
 k - 10 scrolls of amnesia
 p - 15 scrolls of poison
 u - 14 scrolls of immolation
 x - 12 scrolls of fear
 z - 12 scrolls of teleportation {@r3}
 A - 9 scrolls of vulnerability
 B - 11 scrolls of enchant armour
 E - 4 scrolls of summoning
 G - a scroll of torment
 L - 7 scrolls of revelation
 S - 10 scrolls of blinking {@r4}
 T - 3 scrolls of silence
 W - 11 scrolls of fog
Potions
 a - 5 potions of ambrosia
 e - 6 potions of enlightenment
 h - 14 potions of heal wounds {@q2}
 m - 6 potions of might {@q4}
 n - 10 potions of brilliance
 o - 4 potions of magic
 q - 14 potions of curing {@q1}
 r - 5 potions of resistance {@q6}
 s - 2 potions of haste {@q3}
 v - 12 potions of attraction
 H - 12 potions of mutation
 I - 4 potions of invisibility
 Q - 7 potions of cancellation
 R - 6 potions of berserk rage
Miscellaneous
 i - a condenser vane
 l - a phantom mirror
 N - a phial of floods
 X - a lightning rod (4/4)


   Skills:
 + Level 25.1 Fighting
 - Level 22.9 Dodging
 - Level 13.0 Stealth
 - Level 15.0 Shields
 O Level 27 Unarmed Combat
 - Level 14.2 Evocations
 * Level 20.9 Shapeshifting


You had 11 spell levels left.
You knew the following spells:

 Your Spells              Type           Power      Damage    Failure   Level
a - Manifold Assault      Tloc           0%         N/A       99%         4
b - Vhi's Electric Charg  Tloc/Air       0%         N/A       99%         4
c - Borgnjor's Vile Clut  Necr/Erth      0%         N/A       100%        5
d - Blink                 Tloc           0%         N/A       52%         2

Your spell library contained the following spells:

 Spells                   Type           Power      Damage    Failure   Level
 Apportation              Tloc           0%         N/A       36%         1
 Freeze                   Ice            0%         1d3       36%         1
 Kiss of Death            Conj/Necr      0%         2d5       36%         1
 Magic Dart               Conj           0%         1d3       36%         1
 Necrotise                Necr           0%         1d4       36%         1
 Summon Small Mammal      Summ           0%         N/A       36%         1
 Cigotuvi's Dreadful Rot  Necr/Pois/Air  0%         N/A       52%         2
 Ensorcelled Hibernation  Hex/Ice        0%         N/A       52%         2
 Lesser Beckoning         Tloc           0%         N/A       52%         2
 Momentum Strike          Conj/Tloc      0%         3d8       52%         2
 Passwall                 Tmut/Erth      0%         N/A       52%         2
 Scorch                   Fire           0%         2d5       52%         2
 Searing Ray              Conj           0%         2d4       52%         2
 Sublimation of Blood     Necr           0%         N/A       52%         2
 Call Canine Familiar     Summ           0%         N/A       77%         3
 Confusing Touch          Hex            0%         N/A       77%         3
 Dazzling Flash           Conj/Hex       0%         N/A       77%         3
 Frozen Ramparts          Ice            0%         1d1       77%         3
 Hailstorm                Conj/Ice       0%         3d3       77%         3
 Ignite Poison            Fire/Tmut/Pois 0%         N/A       77%         3
 Inner Flame              Hex/Fire       0%         N/A       77%         3
 Ozocubu's Armour         Ice            0%         N/A       77%         3
 Portal Projectile        Hex/Tloc       0%         N/A       77%         3
 Stone Arrow              Conj/Erth      0%         3d7       77%         3
 Summon Guardian Golem    Hex/Summ       0%         N/A       77%         3
 Swiftness                Air            0%         N/A       77%         3
 Teleport Other           Tloc           0%         N/A       77%         3
 Tukima's Dance           Hex            0%         N/A       77%         3
 Vampiric Draining        Necr           0%         2d6       77%         3
 Volatile Blastmotes      Fire/Tloc      0%         2d10      77%         3
 Anguish                  Hex/Necr       0%         N/A       99%         4
 Animate Dead             Necr           0%         N/A       99%         4
 Cause Fear               Hex            0%         N/A       99%         4
 Dispel Undead            Necr           0%         3d6       99%         4
 Flame Wave               Conj/Fire      0%         2d4       99%         4
 Fulminant Prism          Conj/Hex       0%         3d5       99%         4
 Iskenderun's Mystic Bla  Conj/Tloc      0%         2d3       99%         4
 Leda's Liquefaction      Hex/Erth       0%         N/A       99%         4
 Passage of Golubria      Tloc           0%         N/A       99%         4
 Petrify                  Tmut/Erth      0%         N/A       99%         4
 Sticky Flame             Conj/Fire      0%         2d3       99%         4
 Summon Ice Beast         Ice/Summ       0%         N/A       99%         4
 Agony                    Necr           0%         N/A       100%        5
 Arcjolt                  Conj/Air       0%         1d10      100%        5
 Freezing Cloud           Conj/Ice/Air   0%         6-21      100%        5
 Iskenderun's Battlesphe  Conj           0%         2d6       100%        5
 Lee's Rapid Deconstruct  Erth           0%         3d4*      100%        5
 Silence                  Hex/Air        0%         N/A       100%        5
 Summon Forest            Summ/Tloc      0%         N/A       100%        5
 Yara's Violent Unravell  Hex/Tmut       0%         3d3       100%        5
 Conjure Ball Lightning   Conj/Air       0%         3x3d6     100%        6
 Death Channel            Necr           0%         N/A       100%        6
 Eringya's Noxious Bog    Tmut/Pois      0%         4d6       100%        6
 Leda's Unmaking          Conj/Erth      0%         9d1       100%        6
 Plasma Beam              Fire/Air       0%         2x1d10    100%        6
 Starburst                Conj/Fire      0%         6d3       100%        6
 Summon Cactus Giant      Summ           0%         N/A       100%        6
 Enfeeble                 Hex            0%         N/A       100%        7
 Malign Gateway           Summ/Tloc      0%         N/A       100%        7
 Orb of Destruction       Conj           0%         9d5       100%        7
 Spellforged Servitor     Conj/Summ      0%         N/A       100%        7
 Summon Hydra             Summ           0%         N/A       100%        7
 Discord                  Hex            0%         N/A       100%        8
 Disjunction              Tloc           0%         N/A       100%        8
 Infestation              Necr           0%         N/A       100%        8
 Lehudib's Crystal Spear  Conj/Erth      0%         10d2      100%        8
 Maxwell's Capacitive Co  Air            0%         ∞         100%        8
 Summon Horrible Things   Summ           0%         N/A       100%        8
 Death's Door             Necr           0%         N/A       100%        9
 Animate Armour           Summ/Erth      Unusable   N/A       N/A         4

Dungeon Overview and Level Annotations

Branches:
Dungeon (15/15)            Temple (1/1) D:6            Lair (5/5) D:10
  Swamp (4/4) Lair:2       Spider (4/4) Lair:3        Slime (5/5) Lair:5
    Orc (2/2) D:11            Elf (3/3) Orc:2        Vaults (5/5) D:14
  Crypt (3/3) Vaults:3       Tomb (0/3) Crypt:3      Depths (4/4) D:15
    Zot (5/5) Depths:4      IceCv (visited)         Gauntlet (visited)

Altars:
Ashenzari
Cheibriados
Dithmenos
Elyvilon
Fedhas
Gozag
Hepliaklqana
Kikubaaqudgha
Makhleb
Nemelex Xobeh
Okawaru
Qazlal
Ru
Sif Muna
Trog
Uskayaw
Vehumet
Wu Jian
Xom
Yredelemnul
Zin
The Shining One
Jiyva
Lugonu

Shops:
D:3 (   D:8 !?[   D:11 *   Orc:2 =[([!   Elf:1 =::   Elf:3 =   Vaults:1 [

Portals:
Hell: Depths:1 Depths:2 Depths:3 Depths:4
Abyss: Lair:5 Depths:3
Pandemonium: Depths:2
Ziggurat: Depths:2

Annotations:
D:6 1 runed translucent door, Crazy Yiuf
D:9 2 transporters, awesomeguy42's ghost, novice TrWr
Lair:2 1 runed translucent door, Poirhunoest's ghost, journeyman HuSu
Zot:2 2 transporters, Dommouf's ghost, veteran OgBe


Innate Abilities, Weirdness & Mutations

You are a creature with a mouth for a stomach.
Your midsection houses a second, enormous mouth.
You can breathe blasts of fire.
Your fiery red scales are hard. (AC +13)
You cannot fit into any form of body armour.
Your flesh is heat resistant. (rF+)
You are cold-blooded and may be slowed by cold attacks.
You have a pair of small horns on your head.
Your tail ends in a venomous barb.
You are very clumsy. (Dex -4)
Your body sometimes deteriorates upon taking damage.
You are dopey. (Int -2)
Potions are less effective at restoring your health.
Your spells are a little easier to cast, but a little less powerful.
You expend magic power (3 MP) to strengthen your wands.


Message History

You closely miss the balrug. You headbutt the balrug! You bite the balrug!
The balrug is severely wounded.
You spin and attack the sun demon repeatedly.
You barely miss the sun demon.
Your tail-slap misses the sun demon.
You bite the sun demon!
The sun demon is almost dead.
You miss the sun demon.
You headbutt the sun demon, but do no damage.
You tail-slap the sun demon, but do no damage.
You bite the sun demon.
The sun demon is almost dead.
The balrug completely misses you. You block the sun demon's attack.
You closely miss the balrug. You headbutt the balrug.
The balrug is almost dead.
You block the balrug's attack. You block the sun demon's attack.
You pulverise the balrug!!!
You kill the balrug!
The Council accepts your kill.
You spin and attack the sun demon repeatedly.
You closely miss the sun demon.
You tail-slap the sun demon, but do no damage.
You bite the sun demon.
You kill the sun demon!
The Council accepts your kill.
What level of the Dungeon? (default 1, ? - help) HP restored.
A green death comes into view.
Health restored: 266
There is a stone staircase leading up, spattered with blood here.
You climb upwards.
There is a stone staircase leading down here.
What level of the Dungeon? (default 1, ? - help)
There is a stone staircase leading up here.
You climb upwards.
There is a stone staircase leading down here.
There is a stone staircase leading up here.
You climb upwards.
There is a stone staircase leading down here.
There is a staircase leading out of the dungeon here.
You have escaped!

#.....#.# ####.#####.)..
#.....#.# ##.............
#.....#.##### #..##..###.....
#.....#.....#########.###.....
#........####...........#'#...
#.....#.....#...........#.#.##
#.....##.##.#...#..#..#.#'###.
#.....##.##.#.......○§..+.....
#.....##.####W......°.8.####.#
#####......##.......°§..'....#
##........#...#..#○.#.#'####
#.........#.......°...#.#..#
#.........#...^.......#'#..#
#.........#########.###....#
#...........#...............
#...............)###.#######
##...................# #


There were no monsters in sight!

Vanquished Creatures
  the Royal Jelly (Slime:5)
  2 pandemonium lords (Zot:5)
  6 dread liches
  5 orbs of fire
  6 ancient liches
  Sojobo (Crypt:1)
  Boris (twice) (Crypt:1 Crypt:2)
  Margery (Vaults:3)
  the Lernaean hydra (Swamp:4)
  Bai Suzhen (Depths:2)
  Vv (Zot:2)
  A curse toe (Zot:5)
  6 Killer Klowns
  17 golden dragons
  Nikola (Depths:2)
  Jory (Depths:4)
  6 bone dragons
  5 electric golems
  2 doom hounds (Crypt:2)
  A Tzitzimitl (Crypt:2)
  A hellephant (Abyss:3)
  20 tentacled monstrosities
  Jorgrun (Spider:2)
  Zenata (Vaults:1)
  Mlioglotl (Swamp:2)
  2 walking earthen tomes (Depths:2)
  2 walking crystal tomes
  4 deep elf master archers (Elf:3)
  10 quicksilver dragons
  7 liches
  29 Orb Guardians
  2 deep elf blademasters (Elf:3)
  3 titans
  3 walking divine tomes (Depths:1)
  8 sphinxes
  Grunn (Crypt:2)
  5 death cobs
  17 acid blobs
  4 ancient champions (Crypt:1)
  6 tengu reavers
  13 tentacled starspawn
  15 storm dragons
  A thorn hunter (Swamp:2)
  An Executioner (Depths:4)
  Frances (D:12)
  9 draconian monks
  8 azure jellies
  6 revenants
  2 fenstrider witches (Swamp:4)
  7 draconian knights
  8 rockslimes
  15 shadow dragons
  2 narguns (Depths:1)
  6 deep elf sorcerers
  4 emperor scorpions
  7 frost giants
  12 fire giants
  An iron dragon (Depths:3)
  3 deep elf elementalists (Elf:3)
  10 draconian scorchers
  15 ironbound preservers
  10 formless jellyfish
  2 cacodemons
  7 ghost moths
  2 angels (Abyss:3)
  3 balrugs
  5 curse skulls
  16 vault wardens
  6 draconian shifters
  6 broodmothers
  8 quicksilver oozes
  An orc warlord (Orc:2)
  2 caustic shrike zombies (Crypt:3)
  A spriggan defender (Depths:2)
  3 ghouls
  5 war gargoyles
  5 draconian stormcallers
  7 ironbound thunderhulks
  5 reapers
  17 very ugly things
  11 vampire knights
  12 draconian annihilators
  A juggernaut skeleton (Crypt:2)
  15 stone giants
  14 black draconians
  15 green draconians
  Nessos (D:15)
  4 eleionomae
  4 deep elf demonologists
  A dire elephant (Abyss:3)
  5 white draconians
  4 deep elf annihilators
  12 yellow draconians
  A minotaur (Gauntlet)
  11 purple draconians
  15 red draconians
  A bunyip (Swamp:2)
  The ghost of SmokeWeed the Marksspriggan, a journeyman SpHu of Gozag (Spider:2)
  2 green deaths (Abyss:3)
  4 spark wasps
  9 ettins
  12 deep elf death magi
  4 blizzard demons
  5 crystal guardians
  15 jiangshi
  12 yaktaur captains
  6 eidola
  6 deep elf high priests (Elf:3)
  6 entropy weavers
  22 hydras
  5 great orbs of eyes
  9 fire dragons
  5 rakshasas
  A ghost crab (Swamp:2)
  A peacekeeper (Vaults:2)
  Erolcha (Orc:2)
  30 vault guards
  3 ogre magi
  2 spriggan air magi
  A hell beast (Depths:4)
  Harold (Lair:1)
  2 jorogumos
  A catoblepas (D:13)
  12 ironbound frosthearts
  11 ice dragons
  A radroach (shapeshifter) (Vaults:5)
  A radroach (Spider:3)
  8 alligators
  14 centaur warriors
  3 death knights
  6 boulder beetles
  5 deep troll earth magi
  16 death yaks
  7 two-headed ogres
  43 dancing weapons
  5 deep troll shamans
  A tengu warrior (Depths:1)
  A naga sharpshooter (Abyss:3)
  A naga warrior (Abyss:3)
  7 demonic crawlers
  26 hell knights
  4 orc high priests
  11 thrashing horrors
  A soul eater (Crypt:1)
  11 vampire magi
  A titan skeleton (Crypt:2)
  Sonja (D:11)
  7 spriggan berserkers
  A titan zombie (Crypt:2)
  A bennu skeleton (Crypt:1)
  An emperor scorpion zombie (Crypt:1)
  8 iron trolls
  21 sun demons
  20 deep elf knights
  3 sixfirhies
  3 shadow wraiths
  42 skeletal warriors
  6 goliath frogs
  5 pharaoh ants
  9 wretched stars
  An orb spider (shapeshifter) (Vaults:5)
  2 spatial maelstroms (Abyss:3)
  54 deep trolls
  2 spriggan druids (Swamp:4)
  3 bog bodies
  7 glowing orange brains
  An obsidian statue (D:14)
  13 swamp dragons
  A spark wasp zombie (Depths:2)
  15 deep elf archers
  12 orb spiders
  A swamp dragon (shapeshifter) (Lair:5)
  39 starcursed masses
  A bunyip skeleton (Crypt:3)
  An iron giant skeleton (Abyss:3)
  6 flayed ghosts
  10 lindwurms
  9 wizards
  An orange crystal statue (Crypt:1)
  17 ironbound convokers
  2 steelbarb worms (Spider:3)
  3 harpies (Vaults:4)
  12 phantasmal warriors
  An oklob plant (D:10)
  A stone giant zombie (Crypt:1)
  19 large abominations
  A lindwurm (shapeshifter) (Vaults:5)
  19 necromancers
  7 shining eyes
  4 orc knights
  37 deep elf pyromancers
  4 cyclopes
  3 manticores
  7 orc sorcerers (Orc:2)
  A shadow dragon skeleton (Crypt:2)
  15 wolf spiders
  2 will-o-the-wisps
  33 ugly things
  37 deep elf zephyrmancers
  A faun (shapeshifter) (Vaults:5)
  5 worldbinders
  A salamander (Depths:1)
  A cyclops (shapeshifter) (D:8)
  A draconian (Abyss:3)
  2 centaur zombies
  32 moths of wrath
  35 elephants
  A stone giant skeleton (Crypt:3)
  6 black mambas
  2 apocalypse crabs (Abyss:3)
  2 ice statues
  2 torpor snails (shapeshifter)
  A water nymph (shapeshifter) (Vaults:5)
  A rust devil (Abyss:1)
  20 vault sentinels
  A toenail golem (Zot:3)
  A molten gargoyle (Depths:1)
  4 torpor snails
  15 cane toads
  3 orange demons
  An alligator snapping turtle zombie (Abyss:3)
  5 smoke demons
  3 eyes of devastation
  Psyche (D:8)
  A gargoyle (D:13)
  A dire elephant skeleton (Crypt:1)
  An orb spider zombie (Crypt:2)
  16 komodo dragons
  An unseen horror (D:8)
  4 kobold demonologists (D:14)
  A tengu conjurer (Depths:1)
  A tormentor (Crypt:2)
  3 rime drakes
  An efreet (D:13)
  7 freezing wraiths
  A hellion (Abyss:1)
  An iron giant simulacrum (Crypt:2)
  A green draconian skeleton (Crypt:1)
  12 ice devils (IceCv)
  25 yaktaurs
  An anaconda simulacrum (IceCv)
  8 trolls
  A death yak skeleton (Crypt:2)
  A bloated husk (Swamp:2)
  7 polar bears
  8 tyrant leeches
  9 ancient zymes
  A hellwing (Abyss:3)
  13 meliai
  2 harpy zombies (Crypt:3)
  10 hornets
  A merfolk (shapeshifter) (Elf:2)
  12 tarantellas
  A wind drake (shapeshifter) (Lair:5)
  A fire dragon zombie (Crypt:3)
  9 raiju
  22 blink frogs
  An ettin zombie (Crypt:3)
  A raiju (shapeshifter) (D:14)
  A harpy skeleton (Crypt:1)
  16 dream sheep
  A frost giant simulacrum (Depths:2)
  20 jumping spiders
  A culicivora (shapeshifter) (Elf:3)
  8 air elementals
  40 flying skulls
  A shadow (D:13)
  2 dire elephant simulacra (IceCv)
  76 slime creatures
  A spriggan (shapeshifter) (Vaults:5)
  An ettin skeleton (Crypt:3)
  8 ynoxinuls
  9 spriggans
  A fire dragon skeleton (Crypt:2)
  5 wyverns
  37 yaks
  4 basilisks
  A naga simulacrum (Crypt:2)
  5 wraiths
  24 culicivoras
  2 fire bats (Abyss:3)
  A vampire (D:14)
  Eustachio (D:5)
  7 water elementals
  A fire elemental (Elf:1)
  3 chaos spawn
  A golden eye (Slime:5)
  5 death yak simulacra (IceCv)
  9 neqoxecs
  2 steam dragons
  22 small abominations
  42 redbacks
  5 wargs
  3 harpy simulacra (IceCv)
  3 vampire mosquitoes (D:13)
  18 swamp worms
  A naga (Abyss:3)
  9 spatial vortices (Abyss:3)
  A naga zombie (Crypt:2)
  A demonspawn zombie (Crypt:1)
  2 acid dragons
  A fire bat skeleton (Crypt:1)
  3 hydra simulacra (IceCv)
  A hell hound (Depths:1)
  15 water moccasins
  A floating eye (shapeshifter) (Depths:4)
  47 orc warriors
  6 swamp drakes (Swamp:4)
  A floating eye (Depths:3)
  A sky beast (D:7)
  2 ice beasts
  14 ogres
  5 wolves
  2 black bears
  A blink frog skeleton (Crypt:2)
  A manticore skeleton (Crypt:1)
  4 centaurs
  2 phantoms
  A snapping turtle skeleton (Crypt:1)
  12 kobold brigands
  5 earth elementals
  21 bullfrogs
  4 cane toad simulacra (IceCv)
  A cyclops zombie (Crypt:2)
  5 necrophages (Crypt:3)
  4 gnoll sergeants
  4 scorpions
  2 two-headed ogre simulacra (IceCv)
  22 wights
  12 killer bees
  5 elephant simulacra (IceCv)
  19 electric eels
  7 howler monkeys
  6 quasits
  A gnoll bouda (D:8)
  3 hounds
  3 jellies
  18 orc priests
  3 iron imps
  2 iguanas
  2 sleepcaps
  25 orc wizards
  5 polar bear simulacra (IceCv)
  2 troll simulacra (IceCv)
  A spriggan simulacrum (IceCv)
  A wolf simulacrum (IceCv)
  Robin (D:2)
  18 gnolls
  3 river rats (D:3)
  11 adders
  A shadow imp (Abyss:3)
  7 white imps
  2 worms
  A dart slug (D:1)
  86 orcs
  9 bats
  A bat skeleton (Crypt:1)
  8 endoplasms
  4 giant cockroaches
  A gnoll zombie (Crypt:1)
  11 goblins
  9 hobgoblins
  2 jackals (D:4)
  32 kobolds
  3 quokkas
  5 ball pythons
  4 frilled lizards
  A frilled lizard skeleton (Crypt:2)
  9 rats
  A spectral weapon (Vaults:5)
  4 starspawn tentacles (Abyss:3)
2743 creatures vanquished.

Vanquished Creatures (others)
  A draconian knight (Zot:2)
  A sphinx skeleton (Depths:2)
  2 deep elf knights (Elf:1)
  A lindwurm (shapeshifter) (Depths:2)
  A frost giant skeleton (Depths:2)
  4 bloated husks
  A swamp worm (Swamp:3)
  An orc (D:8)
  5 foxfires
  17 starspawn tentacles
34 creatures vanquished.

Grand Total: 2777 creatures vanquished

Notes
Turn   | Place    | Note
-------+----------+-------------------------------------------
     0 | D:1      | Ofeo the Draconian Shapeshifter began the quest for the
                  | Orb.
     0 | D:1      | Reached XP level 1. HP: 16/16 MP: 1/1
   114 | D:1      | Reached XP level 2. HP: 21/23 MP: 2/2
   529 | D:1      | Reached XP level 3. HP: 28/28 MP: 3/3
  1016 | D:2      | Reached XP level 4. HP: 35/35 MP: 4/4
  1065 | D:2      | Noticed Robin
  1083 | D:2      | Killed Robin
  1309 | D:2      | Found a faded altar of an unknown god.
  1732 | D:3      | Reached skill level 5 in Shapeshifting
  1827 | D:3      | Reached XP level 5. HP: 37/40 MP: 5/5
  1886 | D:3      | Found Apodo's Antique Weapon Emporium.
  2259 | D:3      | Found a hazy altar of Hepliaklqana.
  2890 | D:3      | HP: 2/40 [poisoned by a scorpion]
  2893 | D:3      | Reached XP level 6. HP: 11/47 MP: 6/6
  4061 | D:5      | Entered Level 5 of the Dungeon
  4076 | D:5      | Noticed a +0 dagger
  4076 | D:5      | Noticed a +0 spear
  4076 | D:5      | Noticed a +0 falchion
  4077 | D:5      | Noticed a +0 spear
  4077 | D:5      | Noticed a +0 short sword
  4078 | D:5      | Noticed a +0 dagger
  4078 | D:5      | Noticed a +0 short sword
  4079 | D:5      | Noticed a +0 falchion
  4129 | D:5      | Noticed an ice beast
  4133 | D:5      | Your scales start taking on a fiery red colour.
  4133 | D:5      | Reached XP level 7. HP: 49/52 MP: 7/7
  4133 | D:5      | Gained mutation: Your flesh is heat resistant. (rF+) [Red
                  | Draconian growth]
  4367 | D:5      | Found a hide-covered altar of Uskayaw.
  4571 | D:5      | Noticed Eustachio
  4576 | D:5      | Killed Eustachio
  4577 | D:5      | Reached skill level 4 in Unarmed Combat
  4910 | D:6      | Identified the ring of Sebi {+Blink Fly rPois Will+ rCorr}
  4966 | D:6      | Found a staircase to the Ecumenical Temple.
  4976 | D:6      | Reached XP level 8. HP: 59/59 MP: 8/8
  4985 | Temple   | Entered the Ecumenical Temple
  5226 | D:6      | Reached skill level 5 in Unarmed Combat
  5340 | D:6      | Found a shadowy altar of Dithmenos.
  5618 | D:6      | Reached skill level 6 in Unarmed Combat
  5821 | D:6      | Found a runed translucent door.
  5822 | D:6      | Noticed Crazy Yiuf
  6618 | D:7      | Reached XP level 9. HP: 55/64 MP: 9/9
  6690 | D:7      | Reached skill level 7 in Unarmed Combat
  7486 | D:8      | Reached skill level 10 in Shapeshifting
  7635 | D:8      | Found Avon's Magic Scroll Boutique.
  7643 | D:8      | Bought a scroll of identify for 30 gold pieces
  7643 | D:8      | Bought a scroll of identify for 30 gold pieces
  7643 | D:8      | Bought a scroll of identify for 30 gold pieces
  7643 | D:8      | Bought a scroll of identify for 30 gold pieces
  7643 | D:8      | Bought a scroll of identify for 30 gold pieces
  7655 | D:8      | Found Nuen Epi's Armour Shoppe.
  7802 | D:8      | Reached skill level 8 in Unarmed Combat
  8238 | D:8      | Found a glowing silver altar of Zin.
  8596 | D:8      | Noticed Psyche
  8619 | D:8      | Killed Psyche
  8621 | D:8      | HP: 1/64 [orc/+0 trident (3)]
  8991 | D:8      | Reached skill level 9 in Unarmed Combat
  9118 | D:8      | Found an ornate altar of the Wu Jian Council.
  9128 | D:8      | Reached XP level 10. HP: 59/72 MP: 10/10
  9251 | D:8      | Found Nextomn's Distillery.
  9295 | D:8      | Bought a +2 cloak for 247 gold pieces
  9464 | D:8      | Noticed a two-headed ogre
  9468 | D:8      | Killed a two-headed ogre
  9490 | D:8      | Reached skill level 10 in Unarmed Combat
  9494 | D:8      | Noticed a cyclops
  9503 | D:8      | Gained mutation: You have a pair of small horns on your
                  | head. [potion of mutation]
  9503 | D:8      | Gained mutation: Your mind is acute. (Int +4, Str/Dex -1)
                  | [potion of mutation]
  9505 | D:8      | Killed a cyclops
  9507 | D:8      | Noticed a two-headed ogre
  9571 | D:8      | Became a worshipper of the Wu Jian Council
  9653 | D:8      | Killed a two-headed ogre
  9771 | D:8      | Noticed a two-headed ogre
  9777 | D:8      | Killed a two-headed ogre
  9778 | D:8      | Reached skill level 11 in Unarmed Combat
  9985 | D:8      | Noticed a cyclops
 10045 | D:8      | Killed a cyclops
 10046 | D:8      | Reached XP level 11. HP: 78/78 MP: 11/11
 10509 | D:8      | Bought a potion of might for 52 gold pieces
 10950 | D:9      | Found a transporter.
 10950 | D:9      | Noticed awesomeguy42's ghost (novice TrWr)
 10968 | D:9      | Noticed a seven-headed hydra
 11042 | D:9      | Reached * piety under Wu Jian
 11257 | D:9      | Noticed a two-headed ogre
 11262 | D:9      | Killed a two-headed ogre
 11291 | D:9      | Found an opulent altar of Gozag.
 12162 | D:9      | Found a white marble altar of Elyvilon.
 12324 | D:9      | Found a transporter.
 12597 | D:9      | Identified 3 scrolls of acquirement
 12604 | D:9      | Acquired a manual of Fire Magic
 12607 | D:9      | Acquired the +4 pair of boots "Fais" {Rampage Str+3}
 12620 | D:9      | Acquired 1056 gold pieces
 12627 | D:10     | Entered Level 10 of the Dungeon
 12819 | D:10     | Found a staircase to the Lair.
 12821 | D:10     | Noticed an oklob plant
 12836 | D:10     | Reached skill level 12 in Unarmed Combat
 12924 | D:10     | Found a stormy altar of Qazlal.
 13201 | D:10     | Noticed a two-headed ogre
 13208 | D:10     | Killed a two-headed ogre
 13650 | D:10     | Killed an oklob plant
 13920 | D:11     | Reached ** piety under Wu Jian
 13925 | D:11     | Found a staircase to the Orcish Mines.
 14444 | D:11     | Noticed Sonja
 14484 | D:11     | Killed Sonja
 14661 | D:11     | Found Kiykkeapp's Assorted Antiques.
 14778 | D:11     | Noticed an orc knight
 14811 | D:11     | Killed an orc knight
 15309 | D:11     | Reached *** piety under Wu Jian
 15310 | D:11     | Reached XP level 12. HP: 79/89 MP: 12/12
 15583 | D:11     | Found a shimmering blue altar of Sif Muna.
 15922 | Lair:1   | Entered Level 1 of the Lair of Beasts
 16006 | Lair:1   | Reached skill level 13 in Unarmed Combat
 16140 | Lair:1   | Noticed Harold
 16347 | Lair:1   | Killed Harold
 16698 | Lair:1   | Reached skill level 5 in Fighting
 17479 | Lair:2   | Reached skill level 5 in Dodging
 17582 | Lair:2   | Noticed a five-headed hydra
 17589 | Lair:2   | Killed a five-headed hydra
 17945 | Lair:2   | Noticed a four-headed hydra
 17950 | Lair:2   | Killed a four-headed hydra
 18064 | Lair:2   | Reached **** piety under Wu Jian
 18110 | Lair:2   | Identified the +1 mace of Analysis {flame, rPois}
 18214 | Lair:2   | Found a runed translucent door.
 18214 | Lair:2   | Noticed Poirhunoest's ghost (journeyman HuSu)
 18242 | Lair:2   | Reached skill level 14 in Unarmed Combat
 18259 | Lair:2   | Reached XP level 13. HP: 105/105 MP: 13/13
 18639 | Lair:2   | Found a staircase to the Swamp.
 18926 | Lair:2   | Reached skill level 10 in Fighting
 18926 | Lair:2   | Reached XP level 14. HP: 122/122 MP: 14/14
 18962 | Lair:3   | Found a hole to the Spider Nest.
 19126 | Lair:3   | Found a gate leading to a gauntlet.
 19151 | Gauntlet | Entered a Gauntlet
 19151 | Gauntlet | Found a transporter.
 19177 | Gauntlet | Found a transporter.
 19193 | Gauntlet | Found a transporter.
 19197 | Gauntlet | Found a transporter.
 19218 | Gauntlet | Found a transporter.
 19231 | Gauntlet | Found a transporter.
 19241 | Gauntlet | Noticed a quicksilver ooze
 19245 | Gauntlet | Found a transporter.
 19275 | Gauntlet | Found a transporter.
 19275 | Gauntlet | Found a transporter.
 19280 | Gauntlet | Found a transporter.
 19308 | Gauntlet | Found a transporter.
 19308 | Gauntlet | Found a transporter.
 19634 | Gauntlet | Identified the +0 hat "Laetesom" {Int+4}
 19656 | Gauntlet | Identified the +0 crystal plate armour "Luilenaff" {Str+4}
 19698 | Gauntlet | Identified the +5 spear "Vunea" {freeze, Fly}
 20822 | Lair:4   | Reached ***** piety under Wu Jian
 20869 | Lair:4   | Identified the +1 ring mail of Dishonesty {Dex+4}
 20964 | Lair:4   | Reached skill level 15 in Unarmed Combat
 21900 | Lair:5   | Entered Level 5 of the Lair of Beasts
 21946 | Lair:5   | Reached XP level 15. HP: 118/134 MP: 15/15
 22082 | Lair:5   | Found a viscous altar of Jiyva.
 22149 | Lair:5   | Found a staircase to the Slime Pits.
 23009 | Lair:5   | Identified the +0 halberd of Exceptional Duty {heavy, rC+
                  | Str+3 Int+3}
 23200 | Lair:5   | Reached skill level 16 in Unarmed Combat
 23271 | Lair:5   | Reached ****** piety under Wu Jian
 23345 | Lair:5   | Reached skill level 10 in Dodging
 23533 | Lair:5   | Found a corrupted altar of Lugonu.
 23533 | Lair:5   | Found a one-way gate to the infinite horrors of the Abyss.
 23764 | Orc:1    | Entered Level 1 of the Orcish Mines
 24019 | Orc:2    | Entered Level 2 of the Orcish Mines
 24024 | Orc:2    | Noticed Erolcha
 24030 | Orc:2    | Killed Erolcha
 24277 | Orc:2    | Found Mesicw's Distillery.
 24285 | Orc:2    | Bought 2 potions of resistance for 340 gold pieces
 24285 | Orc:2    | Bought a potion of cancellation for 136 gold pieces
 24285 | Orc:2    | Bought a potion of heal wounds for 85 gold pieces
 24285 | Orc:2    | Bought a potion of might for 68 gold pieces
 24285 | Orc:2    | Bought a potion of heal wounds for 85 gold pieces
 24478 | Orc:2    | Found a staircase to the Elven Halls.
 25015 | Orc:2    | Found Dojog's Antique Armour Shoppe.
 25016 | Orc:2    | Found Weyrch's Antique Weapon Emporium.
 25037 | Orc:2    | Bought an embroidered hat for 210 gold pieces
 25132 | Orc:2    | Paralysed by an orc sorcerer for 4 turns
 25148 | Orc:2    | Found Pouriucw's Jewellery Shoppe.
 25370 | Orc:2    | Found Viudy's Antique Armour Boutique.
 26114 | D:12     | Noticed Frances
 26180 | D:12     | Found an ancient bone altar of Kikubaaqudgha.
 26182 | D:12     | Reached skill level 15 in Shapeshifting
 26365 | D:12     | Found a frozen archway.
 26383 | D:12     | Reached XP level 16. HP: 147/147 MP: 16/16
 26407 | IceCv    | Entered an ice cave
 26621 | IceCv    | Found an ancient bone altar of Kikubaaqudgha.
 27659 | D:12     | Found a gateway to a bazaar.
 27668 | Bazaar   | Entered a bazaar
 27684 | Bazaar   | Found Worrip's Jewellery Emporium.
 27684 | Bazaar   | Found Caimiul's Book Shoppe.
 27691 | Bazaar   | Identified the ring of Birdsong {rF+ Dex+4}
 27711 | Bazaar   | Bought the ring "Vanep" {rPois Will+ Dex+6 Stlth+} for 556
                  | gold pieces
 27754 | D:12     | Killed Frances
 29520 | D:14     | Reached skill level 15 in Fighting
 29540 | D:14     | Found a gate to the Vaults.
 29705 | D:14     | Reached skill level 17 in Unarmed Combat
 30492 | D:14     | Identified the amulet of the Tormentor {Reflect Rampage
                  | rElec Str+8 Int-5 SH+5}
 30502 | D:14     | Reached skill level 1 in Stealth
 30669 | D:15     | Entered Level 15 of the Dungeon
 30675 | D:15     | Noticed Nessos
 30681 | D:15     | Killed Nessos
 30686 | D:15     | Identified the +1 rapier "Cat Qec" {drain, Fly Will+}
 30807 | D:15     | Found a staircase to the Depths.
 31700 | D:15     | Upgraded the game from 0.31-a0-667-g39726597b9 to
                  | 0.31-a0-672-g7da72447bb
 31949 | Spider:1 | Entered Level 1 of the Spider Nest
 32003 | Spider:1 | You are sucked into a shaft and drop 1 floor!
 32758 | Spider:1 | Reached XP level 17. HP: 157/157 MP: 17/17
 33326 | Spider:2 | Noticed Jorgrun
 33340 | Spider:2 | Killed Jorgrun
 33463 | Spider:2 | Found a runed translucent gate.
 33463 | Spider:2 | Noticed SmokeWeed's ghost (journeyman SpHu)
 33465 | Spider:2 | Found a runed translucent gate.
 33465 | Spider:2 | Found a runed translucent gate.
 33616 | Spider:2 | Got the Precepts of Unholy Orientation
 34214 | Spider:2 | Killed SmokeWeed's ghost
 34986 | Spider:3 | Reached skill level 5 in Stealth
 35521 | Spider:4 | Entered Level 4 of the Spider Nest
 35716 | Spider:4 | Upgraded the game from 0.31-a0-672-g7da72447bb to
                  | 0.31-a0-675-g238779eb0a
 36295 | Spider:4 | Reached skill level 18 in Unarmed Combat
 36486 | Spider:4 | Got a gossamer rune of Zot
 37066 | Swamp:1  | Entered Level 1 of the Swamp
 37609 | Swamp:2  | Noticed Mlioglotl
 37669 | Swamp:2  | Killed Mlioglotl
 37679 | Swamp:2  | Reached XP level 18. HP: 154/168 MP: 18/18
 38175 | Swamp:3  | Reached skill level 1 in Evocations
 38737 | Swamp:4  | Entered Level 4 of the Swamp
 38985 | Swamp:4  | Noticed the 27-headed Lernaean hydra
 38991 | Swamp:4  | Killed the 27-headed Lernaean hydra
 39167 | Swamp:4  | Got a decaying rune of Zot
 39913 | Vaults:1 | Entered Level 1 of the Vaults
 41187 | Vaults:1 | Found Uwnaa's Antique Armour Boutique.
 41195 | Vaults:1 | Bought a pair of runed gloves for 262 gold pieces
 41385 | Vaults:1 | Reached XP level 19. HP: 158/177 MP: 19/19
 41542 | Vaults:1 | Noticed Zenata
 41553 | Vaults:1 | Killed Zenata
 42355 | Vaults:2 | Reached skill level 5 in Evocations
 42556 | Vaults:2 | Reached skill level 19 in Unarmed Combat
 44002 | Vaults:3 | Noticed Margery
 44009 | Vaults:3 | Killed Margery
 44461 | Vaults:3 | Found a staircase to the Crypt.
 44964 | Vaults:3 | Got Sif Muna's Elucidation of the Creative Snowflakes
 45018 | Vaults:3 | Reached skill level 10 in Stealth
 45554 | Vaults:3 | Found a portal to a secret trove of treasure.
 45811 | Vaults:3 | Reached XP level 20. HP: 188/188 MP: 20/20
 46378 | Vaults:4 | Upgraded the game from 0.31-a0-675-g238779eb0a to
                  | 0.31-a0-691-g409c26aa35
 47205 | Vaults:5 | Entered Level 5 of the Vaults
 47206 | Vaults:5 | Noticed an ancient lich
 47358 | Depths:1 | Entered Level 1 of the Depths
 47604 | Depths:1 | HP: 7/186 [living spell/divine providence[a walking divine
                  | tome] (11)]
 48306 | Depths:1 | Found a gateway to Hell.
 49462 | Depths:2 | Reached skill level 15 in Dodging
 49650 | Depths:2 | Noticed Nikola
 49660 | Depths:2 | Killed Nikola
 49730 | Depths:2 | Identified the ring of the Forgotten Deaths {Wiz rF++ MP-9
                  | Str+3}
 49802 | Depths:2 | Reached skill level 20 in Unarmed Combat
 49889 | Depths:2 | Noticed Bai Suzhen
 49999 | Depths:2 | Noticed a golden dragon
 50007 | Depths:2 | Killed a golden dragon
 50007 | Depths:2 | Killed Bai Suzhen
 50014 | Depths:2 | Got Xonlush's Directory of Cold Toxins
 50046 | Depths:2 | Reached XP level 21. HP: 198/198 MP: 21/21
 50312 | Depths:2 | Identified the ring "Foin Kay" {Dex+5 SInv}
 50450 | Depths:2 | Found a one-way gate leading to the halls of Pandemonium.
 50717 | Depths:2 | Found a one-way gateway to a ziggurat.
 50946 | Depths:3 | Noticed a golden dragon
 50957 | Depths:3 | Killed a golden dragon
 51392 | Depths:3 | You are sucked into a shaft and drop 1 floor!
 51392 | Depths:4 | Entered Level 4 of the Depths
 51904 | Depths:4 | Noticed a golden dragon
 51921 | Depths:4 | Killed a golden dragon
 52330 | Depths:4 | Found a gate to the Realm of Zot.
 52728 | Depths:4 | Noticed Jory
 52740 | Depths:4 | Killed Jory
 52902 | Depths:4 | Found a basalt altar of Yredelemnul.
 53066 | Depths:4 | Reached skill level 10 in Evocations
 54001 | Elf:1    | Entered Level 1 of the Elven Halls
 54408 | Elf:1    | Found Jayklumo's Book Emporium.
 54410 | Elf:1    | Found Vale's Jewellery Shop.
 54412 | Elf:1    | Found Doyliemidi's Book Emporium.
 55073 | Elf:1    | Reached XP level 22. HP: 209/209 MP: 22/22
 55219 | Elf:1    | Identified the +11 hand axe of Righteous Fury {elec,
                  | *Corrode rC+ Stlth+}
 56129 | Elf:2    | Found a huge runed translucent gate.
 56129 | Elf:2    | Found a huge runed translucent gate.
 56129 | Elf:2    | Found a huge runed translucent gate.
 56129 | Elf:2    | Found a huge runed translucent gate.
 56130 | Elf:2    | Found a huge runed translucent gate.
 56680 | Elf:2    | Learned a level 4 spell: Manifold Assault
 56685 | Elf:2    | Learned a level 4 spell: Vhi's Electric Charge
 56691 | Elf:2    | Learned a level 5 spell: Borgnjor's Vile Clutch
 56694 | Elf:2    | Learned a level 2 spell: Blink
 56915 | Elf:3    | Entered Level 3 of the Elven Halls
 57142 | Elf:3    | Reached skill level 21 in Unarmed Combat
 57769 | Elf:3    | Found Xiom's Jewellery Shoppe.
 57855 | Elf:3    | Paralysed by an air elemental for 1 turns
 57860 | Elf:3    | Paralysed by an air elemental for 1 turns
 58021 | Elf:3    | Identified the +5 demon whip of Darkness {vamp, Dex+4}
 58139 | Elf:3    | Identified the +6 morningstar of Paper {flame, Contam
                  | rF+++}
 58139 | Elf:3    | Identified the +5 plate armour "Ypal" {Fly rElec Str-2
                  | Stlth-}
 58139 | Elf:3    | Identified the ring "Metryela" {rC- rN+ Int+9 Dex-4 SInv}
 58205 | Elf:3    | Identified the +10 morningstar of Yeast {pain, Stlth+}
 58731 | Elf:3    | Identified the +6 acid dragon scales of Defence {rCorr
                  | Int+7}
 58823 | Elf:3    | Found the +27 heavy crossbow "Sniper" {heavy, Acc+∞ SInv}
 59640 | Lair:5   | Voluntarily entered the Abyss.
 60445 | Abyss:1  | Reached XP level 23. HP: 203/220 MP: 23/23
 60632 | Abyss:3  | Found a corrupted altar of Lugonu.
 60649 | Abyss:3  | Found a corrupted altar of Lugonu.
 60649 | Abyss:3  | Found a corrupted altar of Lugonu.
 60665 | Abyss:3  | Found a runed translucent door.
 60819 | Abyss:3  | Found a corrupted altar of Lugonu.
 60980 | Abyss:3  | Found a stormy altar of Qazlal.
 61146 | Abyss:3  | Reached skill level 22 in Unarmed Combat
 61238 | Abyss:3  | Found an ornate altar of the Wu Jian Council.
 61238 | Abyss:3  | Found an ornate altar of the Wu Jian Council.
 61240 | Abyss:3  | Found an ornate altar of the Wu Jian Council.
 61242 | Abyss:3  | Found an ornate altar of the Wu Jian Council.
 61248 | Abyss:3  | Found a shimmering blue altar of Sif Muna.
 61248 | Abyss:3  | Found a hide-covered altar of Uskayaw.
 61248 | Abyss:3  | Found a shimmering altar of Xom.
 61248 | Abyss:3  | Found a bloodstained altar of Trog.
 61248 | Abyss:3  | Found a shadowy altar of Dithmenos.
 61248 | Abyss:3  | Found a sparkling altar of Nemelex Xobeh.
 61248 | Abyss:3  | Found a basalt altar of Yredelemnul.
 61248 | Abyss:3  | Found a stormy altar of Qazlal.
 61248 | Abyss:3  | Found a radiant altar of Vehumet.
 61248 | Abyss:3  | Found a white marble altar of Elyvilon.
 61250 | Abyss:3  | Found a sacrificial altar of Ru.
 61250 | Abyss:3  | Found a snail-covered altar of Cheibriados.
 61252 | Abyss:3  | Found a blossoming altar of Fedhas.
 61252 | Abyss:3  | Found a broken altar of Ashenzari.
 61252 | Abyss:3  | Found a burning altar of Makhleb.
 61254 | Abyss:3  | Found a glowing silver altar of Zin.
 61254 | Abyss:3  | Found a snail-covered altar of Cheibriados.
 61254 | Abyss:3  | Found an iron altar of Okawaru.
 61254 | Abyss:3  | Found an opulent altar of Gozag.
 61256 | Abyss:3  | Found a hazy altar of Hepliaklqana.
 61256 | Abyss:3  | Found an opulent altar of Gozag.
 61256 | Abyss:3  | Found an ancient bone altar of Kikubaaqudgha.
 61260 | Abyss:3  | Found a blossoming altar of Fedhas.
 61260 | Abyss:3  | Found a hazy altar of Hepliaklqana.
 61260 | Abyss:3  | Found a hide-covered altar of Uskayaw.
 61260 | Abyss:3  | Found a glowing silver altar of Zin.
 61260 | Abyss:3  | Found a snail-covered altar of Cheibriados.
 61260 | Abyss:3  | Found a sacrificial altar of Ru.
 61260 | Abyss:3  | Found a snail-covered altar of Cheibriados.
 61260 | Abyss:3  | Found a shimmering altar of Xom.
 61260 | Abyss:3  | Found a bloodstained altar of Trog.
 61260 | Abyss:3  | Found a broken altar of Ashenzari.
 61260 | Abyss:3  | Found a burning altar of Makhleb.
 61260 | Abyss:3  | Found an opulent altar of Gozag.
 61260 | Abyss:3  | Found an ancient bone altar of Kikubaaqudgha.
 61260 | Abyss:3  | Found a basalt altar of Yredelemnul.
 61260 | Abyss:3  | Found a stormy altar of Qazlal.
 61260 | Abyss:3  | Found an iron altar of Okawaru.
 61260 | Abyss:3  | Found an opulent altar of Gozag.
 61260 | Abyss:3  | Found a radiant altar of Vehumet.
 61260 | Abyss:3  | Found a white marble altar of Elyvilon.
 61269 | Abyss:3  | Found a shimmering blue altar of Sif Muna.
 61269 | Abyss:3  | Found a shadowy altar of Dithmenos.
 61269 | Abyss:3  | Found a sparkling altar of Nemelex Xobeh.
 61273 | Abyss:3  | Found an ornate altar of the Wu Jian Council.
 61273 | Abyss:3  | Found an ornate altar of the Wu Jian Council.
 61278 | Abyss:3  | Found an ornate altar of the Wu Jian Council.
 61278 | Abyss:3  | Found an ornate altar of the Wu Jian Council.
 61287 | Abyss:3  | Found a bloodstained altar of Trog.
 61294 | Abyss:3  | Found a shimmering altar of Xom.
 61295 | Abyss:3  | Found a radiant altar of Vehumet.
 61408 | Abyss:3  | Noticed an ancient lich
 61409 | Abyss:3  | Found a corrupted altar of Lugonu.
 61415 | Abyss:3  | Killed an ancient lich
 61505 | Abyss:3  | Found a corrupted altar of Lugonu.
 61690 | Abyss:3  | Found a snail-covered altar of Cheibriados.
 61703 | Abyss:3  | Found a transporter.
 61734 | Abyss:3  | Noticed a dread lich
 61737 | Abyss:3  | Killed a dread lich
 61753 | Abyss:3  | Gained mutation: You are clumsy. (Dex -2) [a cacodemon]
 61760 | Abyss:3  | Found a transporter.
 61790 | Abyss:3  | Found a transporter.
 61792 | Abyss:3  | Got an abyssal rune of Zot
 61928 | Abyss:3  | Found a transporter.
 62014 | Lair:5   | Escaped the Abyss
 62430 | Vaults:3 | You showed the abyssal rune of Zot to enter a treasure
                  | trove
 62431 | Trove    | Entered a treasure trove
 62436 | Trove    | Found the +3 crown of Dyrovepreva {rElec Int+2 SInv}
 62443 | Trove    | Identified the ring "Obbi" {Fire rCorr MP+9 Str-4 Int+5}
 62477 | Trove    | Identified the +0 buckler of Oproih {rC+ Dex+4}
 62479 | Trove    | Identified the +4 kite shield of the Garden {Will+}
 62936 | Slime:1  | Entered Level 1 of the Pits of Slime
 63433 | Slime:5  | Entered Level 5 of the Pits of Slime
 63683 | Slime:4  | Reached XP level 24. HP: 203/233 MP: 23/23
 64198 | Slime:5  | Noticed the Royal Jelly
 64291 | Slime:4  | Gained mutation: You are very clumsy. (Dex -4) [a shining
                  | eye]
 64294 | Slime:4  | Gained mutation: Your spells are a little easier to cast,
                  | but a little less powerful. [a shining eye]
 64373 | Slime:5  | Found a viscous altar of Jiyva.
 64389 | Slime:5  | Reached skill level 23 in Unarmed Combat
 64410 | Slime:5  | Killed the Royal Jelly
 64643 | Slime:5  | Identified the +0 leather armour of Xitzao {rPois rF+ MP+9}
 64650 | Slime:5  | Acquired 452 gold pieces
 64719 | Slime:5  | Identified the +3 scale mail "Kazitarph" {Int+2 SInv}
 64738 | Slime:5  | Got a slimy rune of Zot
 64750 | Slime:5  | Identified the +2 executioner's axe of the Well-Known
                  | Portals {protect, Int+3}
 64765 | Slime:5  | Got the Directory of Unlucky Portals
 65245 | Vaults:5 | Noticed a dread lich
 65256 | Vaults:5 | Identified the +9 falchion of Pain and Death {spect, Int+5
                  | Dex+6}
 65262 | Vaults:5 | Killed a dread lich
 65264 | Vaults:5 | Killed an ancient lich
 65281 | Vaults:5 | Noticed an ancient lich
 65284 | Vaults:5 | Killed an ancient lich
 65389 | Vaults:5 | Noticed a dread lich
 65393 | Vaults:5 | Killed a dread lich
 65530 | Vaults:5 | Identified the +0 ring mail of the Jolly Artisans {rC+
                  | Dex+2}
 65533 | Vaults:5 | Identified the +1 cloak of Activism {Regen+ Stlth+}
 65631 | Vaults:5 | Identified the ring "Didgh" {rF++ rN+ rCorr MP+9 Int+6}
 65649 | Vaults:5 | Identified the +0 robe "Osoezet" {SInv}
 65649 | Vaults:5 | Found the +3 pair of seven-league boots {Rampage+∞}
 65660 | Vaults:5 | Identified the +4 hand axe of the Thieving Penguin {vamp,
                  | rPois rC+ Str-5}
 65710 | Vaults:5 | Reached XP level 25. HP: 245/245 MP: 23/23
 65920 | Vaults:5 | Reached skill level 24 in Unarmed Combat
 67108 | Vaults:5 | Got a silver rune of Zot
 67427 | Crypt:1  | Entered Level 1 of the Crypt
 67461 | Crypt:1  | Noticed Sojobo
 67473 | Crypt:1  | Reached skill level 1 in Shields
 67477 | Crypt:1  | Noticed Boris
 67486 | Crypt:1  | Killed Sojobo
 67496 | Crypt:1  | Killed Boris
 67756 | Crypt:1  | Found a huge runed gate.
 67756 | Crypt:1  | Found a huge runed gate.
 67756 | Crypt:1  | Found a huge runed gate.
 67756 | Crypt:1  | Found a huge runed gate.
 67756 | Crypt:1  | Found a huge runed gate.
 67758 | Crypt:1  | Found a huge runed gate.
 67759 | Crypt:1  | Found a huge runed gate.
 67759 | Crypt:1  | Found a huge runed gate.
 67760 | Crypt:1  | Found a huge runed gate.
 67761 | Crypt:1  | Found a huge runed gate.
 67777 | Crypt:1  | Found a huge runed gate.
 67777 | Crypt:1  | Found a huge runed gate.
 67777 | Crypt:1  | Found a huge runed gate.
 67778 | Crypt:1  | Found a huge runed gate.
 67788 | Crypt:1  | Found a huge runed gate.
 67788 | Crypt:1  | Found a huge runed gate.
 67955 | Crypt:1  | Found a transporter.
 67955 | Crypt:1  | Noticed an ancient lich
 68039 | Crypt:1  | Found a transporter.
 68110 | Crypt:1  | Found a huge runed gate.
 68110 | Crypt:1  | Found a huge runed gate.
 68110 | Crypt:1  | Found a huge runed gate.
 68110 | Crypt:1  | Found a huge runed gate.
 68111 | Crypt:1  | Found a huge runed gate.
 68111 | Crypt:1  | Found a huge runed gate.
 68112 | Crypt:1  | Found a huge runed gate.
 68112 | Crypt:1  | Found a huge runed gate.
 68115 | Crypt:1  | Found a huge runed gate.
 68116 | Crypt:1  | Found a huge runed gate.
 68155 | Crypt:1  | Found a huge runed gate.
 68155 | Crypt:1  | Found a huge runed gate.
 68155 | Crypt:1  | Found a huge runed gate.
 68155 | Crypt:1  | Found a huge runed gate.
 68206 | Crypt:1  | Found a huge runed gate.
 68457 | Crypt:1  | Found a huge runed gate.
 68458 | Crypt:1  | Found a huge runed gate.
 68459 | Crypt:1  | Found a huge runed gate.
 68460 | Crypt:1  | Found a huge runed gate.
 68461 | Crypt:1  | Found a huge runed gate.
 68642 | Crypt:1  | Reached skill level 5 in Shields
 68668 | Crypt:1  | Identified the +4 short sword of Resumed Hostilities
                  | {flame, Will+}
 69033 | Crypt:1  | Killed an ancient lich
 69060 | Crypt:1  | Identified the ring of Surprise {EV+5 Str-5 Dex+5}
 69064 | Crypt:1  | Got Sif Muna's Precepts of the Lethal Crater
 69069 | Crypt:1  | Got the Secrets of Airy Fascination
 69071 | Crypt:1  | Identified the +0 cloak of the Depths {Rampage Fly Dex-5
                  | Stlth+}
 69426 | Crypt:2  | Noticed Boris
 69440 | Crypt:2  | Killed Boris
 69949 | Crypt:2  | Noticed an ancient lich
 70049 | Crypt:2  | Found a transporter.
 70050 | Crypt:2  | Found a radiant altar of Vehumet.
 70050 | Crypt:2  | Noticed Grunn
 70312 | Crypt:2  | Killed an ancient lich
 70317 | Crypt:2  | Killed Grunn
 70329 | Crypt:2  | Reached skill level 10 in Shields
 70346 | Crypt:2  | Identified the ring of Elyvilon's Delight {rElec rC+ rCorr
                  | Int+3}
 70366 | Crypt:2  | Found a transporter.
 70607 | Crypt:3  | Entered Level 3 of the Crypt
 70669 | Crypt:3  | Reached XP level 26. HP: 211/254 MP: 23/23
 71057 | Crypt:3  | Noticed a dread lich
 71064 | Crypt:3  | Killed a dread lich
 71071 | Crypt:3  | Found a basalt altar of Yredelemnul.
 71334 | Crypt:3  | Found a staircase to the Tomb.
 71498 | Crypt:3  | Got the Omnibus of Lamentation
 71745 | Crypt:3  | Lost mutation: Your mind is acute. (Int +4, Str/Dex -1)
                  | [potion of mutation]
 71745 | Crypt:3  | Lost mutation: You are very clumsy. (Dex -4) [potion of
                  | mutation]
 71745 | Crypt:3  | Gained mutation: You are very clumsy. (Dex -4) [potion of
                  | mutation]
 71745 | Crypt:3  | Gained mutation: You expend magic power (3 MP) to
                  | strengthen your wands. [potion of mutation]
 71745 | Crypt:3  | Gained mutation: Potions are less effective at restoring
                  | your health. [potion of mutation]
 71745 | Crypt:3  | Gained mutation: Your tail ends in a venomous barb. [potion
                  | of mutation]
 72107 | Zot:1    | Entered Level 1 of the Realm of Zot
 72131 | Zot:1    | Noticed an orb of fire
 72135 | Zot:1    | Noticed an orb of fire
 72140 | Zot:1    | Killed an orb of fire
 72154 | Zot:1    | Killed an orb of fire
 72406 | Zot:1    | Got the Directory of Dusty Cryomancy
 72415 | Zot:1    | Identified the +8 dagger of the Leaping Sybil {flame,
                  | *Noise rF+++ Int+4}
 73227 | Zot:2    | Noticed Vv
 73239 | Zot:2    | Killed Vv
 73408 | Zot:2    | Identified the +3 chain mail "Onasaot" {Harm rPois Int+3
                  | Slay+3}
 73808 | Zot:2    | Found a transporter.
 73808 | Zot:2    | Noticed Dommouf's ghost (veteran OgBe)
 74050 | Zot:2    | Noticed a dread lich
 74054 | Zot:2    | Found a transporter.
 74359 | Zot:3    | Reached skill level 15 in Shields
 74937 | Zot:3    | Reached XP level 27. HP: 261/261 MP: 23/23
 75452 | Zot:3    | Reached skill level 25 in Unarmed Combat
 75800 | Zot:4    | Identified the +2 pair of boots of the Ward {Rampage}
 76676 | Zot:5    | Entered Level 5 of the Realm of Zot
 76692 | Zot:5    | Reached skill level 26 in Unarmed Combat
 77209 | Zot:5    | Noticed an orb of fire
 77215 | Zot:5    | Gained mutation: Your body sometimes deteriorates upon
                  | taking damage. [an orb of fire]
 77221 | Zot:5    | Killed an orb of fire
 77251 | Zot:5    | Noticed an orb of fire
 77256 | Zot:5    | Reached skill level 27 in Unarmed Combat
 77261 | Zot:5    | Killed an orb of fire
 77276 | Zot:5    | Noticed an ancient lich
 77279 | Zot:5    | Killed an ancient lich
 77308 | Zot:5    | Noticed an orb of fire
 77309 | Zot:5    | Gained mutation: You are dopey. (Int -2) [an orb of fire]
 77311 | Zot:5    | Killed an orb of fire
 77345 | Zot:5    | Noticed a dread lich
 77347 | Zot:5    | Noticed a dread lich
 77351 | Zot:5    | Killed a dread lich
 77355 | Zot:5    | Killed a dread lich
 77708 | Zot:5    | Got the Orb of Zot
 77713 | Zot:5    | Noticed Icel the pandemonium lord
 77730 | Zot:5    | Killed Icel the pandemonium lord
 77744 | Zot:5    | Noticed Faynlitt the pandemonium lord
 77749 | Zot:5    | Killed Faynlitt the pandemonium lord
 78078 | Depths:1 | Noticed Kousoz the pandemonium lord
 78493 | D:$      | Escaped with the Orb!

Illustrated notes

Levels and vault maps discovered:
D:1:      shiori_arrival_oz, layout_rooms, minmay_misc_feat_more_columns,
          minmay_tree_intersection
D:2:      layout_loops_ring, ebering_ecumenical_altar_hall, minmay_tall_x,
          uniq_robin
D:3:      layout_loops_ring, mainiacjoe_overflow_24_doors, portal_sewer_entry_b,
          serial_shops, nicolae_shop_pleasant_corner_grove
D:4:      layout_cave_pools
D:5:      layout_basic, nicolae_uskayaw_en_pointe, due_unseen_surprise,
          uniq_eustachio
D:6:      layout_basic, mainiacjoe_overflow_concentric_impassable,
          minmay_temple_entry_wispy, uniq_crazy_yiuf_cottage
D:7:      layout_cave_pools
D:8:      nzn_winding_woodlands_stair_cross
          [nzn_winding_woodlands_5x15_river_crossing,
          nzn_winding_woodlands_center_diamonds,
          nzn_winding_woodlands_5x15_split_checker,
          nzn_winding_woodlands_5x5_cross, nzn_winding_woodlands_5x5_default,
          nzn_winding_woodlands_5x15_longhouse,
          nzn_winding_woodlands_center_garden,
          nzn_winding_woodlands_5x15_pathside_ponds], layout_basic,
          mainiacjoe_overflow_cross_hatched, nzn_wu_jian_council_hall,
          serial_shops, nicolae_shop_tiny_real_fake_doors,
          nicolae_shop_tiny_glass, shop, serial_bayou, serial_bayou_pond_a,
          serial_bayou_lagoon_a, serial_bayou_pond_a, serial_bayou_shore_b,
          uniq_psyche
D:9:      layout_basic, mainiacjoe_overflow_catwalk_spiral,
          gammafunk_ghost_berserking_beasts, dreamdust_princess_bridge,
          kennysheep_generic_room_6
D:10:     layout_basic, nicolae_qazlal_eye_of_the_storm, dpeg_oklobed_lair,
          minmay_statues_item
D:11:     layout_roguey [special_room_orc], erik_orc_3, serial_shops, shop,
          minivault_16, nicolae_kite_square_tiling_tiny, tgw_sif, uniq_sonja
D:12:     layout_small_grid, portal_ice_cave_entry_animals_and_master,
          serial_shops, statue_bzr, kiku_gazebo_garden_becter, uniq_frances
D:13:     layout_loops_ring
D:14:     kennysheep_kobold_grotto, layout_loops_cross, david_vaults_4,
          kennysheep_pointless_box
D:15:     grunt_enter_depths_hoard, layout_loops_cross, serial_bayou,
          serial_bayou_shore_b, serial_bayou_pond_b, serial_bayou_lagoon_b,
          serial_bayou_pond_c, nrook_campfire, uniq_nessos
Temple:   nicolae_temple_ecumenical_triangle
Lair:1:   layout_hall_layers, grunt_megastairs_5, uniq_harold
Lair:2:   layout_gridlike, nicolae_swamp_entry_splash_gauntlet,
          gammafunk_ghost_grave, infiniplex_staircase_pool
Lair:3:   layout_misc_corridors, dummy_spider_entry, gauntlet_entry_generic,
          eino_small_chamber_without_monster, serial_bayou_lake_a
Lair:4:   layout_roguey, beast_lair_carwin_4, grunt_megastairs_3,
          lemuel_fruit_fields
Lair:5:   hellmonk_lair_end_abyssal_woods, layout_regular_city,
          minmay_slime_entry_pillars, serial_bayou_shore_a
Swamp:1:  layout_falls_marsh, evilmike_swamp_ruin_house_3
Swamp:2:  layout_basic_swamp, evilmike_swamp_ruin_house_4, uniq_mlioglotl
Swamp:3:  layout_falls_marsh, infiniplex_staircase_pool_2
Swamp:4:  swamp_old_school, layout_basic_swamp, swamp_pool2,
          cheibrodos_swamp_pet_leeches
Spider:1: layout_spider_delve
Spider:2: layout_spider_delve, ebering_ghost_rock_garden, uniq_jorgrun
Spider:3: layout_spider_delve
Spider:4: hellmonk_spider_rune_endless_swarm, nicolae_spider_nook
Slime:1:  layout_caves
Slime:2:  layout_caves
Slime:3:  layout_caves
Slime:4:  cheibrodos_slime_lost_civilization_9, layout_caves
Slime:5:  slime_pit
Orc:1:    layout_caves, basic_altar
Orc:2:    grunt_orc_community_town_hall, layout_caves,
          grunt_orc_community_big_house_1, grunt_orc_community_big_house_1,
          grunt_orc_community_house_1, grunt_orc_community_house_1,
          grunt_orc_community_house_2, grunt_orc_community_house_2,
          grunt_orc_community_house_3, serial_shops, shop_coins, uniq_erolcha
Elf:1:    eino_elf_arrival_customs, layout_loops_corners, evilmike_minifort,
          kilobyte_mutagenic_chamber, minmay_shop_grove
Elf:2:    elven_hall_of_blades_hangedman_alternative
          [nooodl_blade_entry_preview], layout_geoelf_octagon
Elf:3:    minmay_elf_hall_circle, layout_geoelf_octagon, serial_shops,
          nicolae_shop_just_a_little_nook, minivault_11,
          minmay_the_grid_square_5x5_3x3_mashed
          [minmay_the_grid_square_5x5_bridge, minmay_the_grid_square_5x5_six,
          minmay_the_grid_square_5x5_n, minmay_the_grid_square_5x5_two_small,
          minmay_the_grid_square_5x5_megaprize_diamond,
          minmay_the_grid_square_5x5_three_small,
          minmay_the_grid_square_5x5_empty,
          minmay_the_grid_square_5x5_minivault,
          minmay_the_grid_square_5x5_intrusive_squares]
Vaults:1: v_rooms_4, vaults_room_ringed_pool, v_misc_31,
          nicolae_vaults_ellipses_ellipsis, vaults_room_grid,
          nicolae_vaults_diamond_2, dpeg_vaults_monster_box,
          layout_vaults_quadrants, serial_shops, shop, uniq_zenata
Vaults:2: ontoclasm_vaults_idyll, nicolae_vaults_security_offices_5,
          nicolae_vaults_sealed_display, ontoclasm_vaults_ligature, v_misc_16,
          nicolae_vaults_hallways_thing, ontoclasm_vaults_chip,
          vaults_dpeg_diagonal, v_alt_pattern_5, ontoclasm_vaults_eye,
          nicolae_vaults_cornered_office, vaults_room_fours,
          vaults_room_door_ring, vaults_dpeg_hooks, vaults_dpeg_emergency_exit,
          nicolae_vaults_angled_halls, layout_vaults_omnicross
Vaults:3: nicolae_vaults_circle_grid_b, vaults_room_boxed,
          vaults_mumra_minichess_inversion, nicolae_vaults_octothorpe,
          vaults_dpeg_encased_lava, nicolae_vaults_shelves_hall,
          minmay_crypt_entry_simple_walls, hangedman_vaults_hard_town_square,
          grunt_vaults_focal, nicolae_vaults_mini_display_case,
          ontoclasm_vaults_hangar, nicolae_vaults_trapezoid_lopsided_1,
          layout_vaults_chaotic_city, enter_trove_6, uniq_margery
Vaults:4: v_pattern_1, nicolae_vaults_closet_pinwheel_4, v_misc_33,
          nicolae_vaults_trapezoid_lopsided_4, hangedman_vaults_trim,
          nicolae_vaults_trapezoid_1, v_misc_10, nicolae_vaults_circle_grid_a,
          v_misc_15, hangedman_vaults_stagger, nicolae_vaults_little_ls,
          nicolae_vaults_tetromino_Z_2, grunt_vaults_hallway_short, v_misc_17,
          layout_vaults_omnibox
Vaults:5
Crypt:1:  gammafunk_sealed_arena, layout_gridlike,
          amcnicky_mini_corridor_feature, door_vault, uniq_sojobo, uniq_boris
Crypt:2:  gammafunk_sealed_library, layout_basic, uniq_grunn
Crypt:3:  cryptofortress_bobbens
Depths:1: layout_forbidden_donut, nicolae_hell_entry_hellmouth_sunbeams,
          minmay_misc_feat_doors, nicolae_rock_paper_scissors
Depths:2: minmay_textured_paths, layout_cross, enter_ziggurat_b,
          grunt_pan_entry_sceptre, grunt_hell_entry_dis_old,
          chequers_serial_rivers_small_3, uniq_nikola, uniq_bai_suzhen
Depths:3: nicolae_cairo_tiling_large_dashed, layout_cave_pools,
          minmay_door_square, abyss_entry, hell_entry
Depths:4: evilmike_zot_entry_round, layout_gridlike, serial_bayou_pond_b,
          hell_entry, yredelemnul_altar_generic, uniq_jory
Zot:1:    layout_gridlike, grunt_ministairs_2, st_large_dragon_hoard_1,
          grunt_megastairs_2
Zot:2:    layout_gridlike, gammafunk_ghost_abyssal_escape,
          hangedman_zot_decor_tridents, uniq_vv
Zot:3:    nicolae_moth_party, layout_basic
Zot:4:    layout_twisted_circle, grunt_megastairs_1
Zot:5:    layout_basic

Skill      XL: |  1  2  3  4  5  6  7  8  9 10 11 12 13 14 15 16 17 18 19 20 21 22 23 24 25 26 27 |
---------------+----------------------------------------------------------------------------------+-----
Dodging        | 2 3 6 9 10 11 12 13 14 15 17 18 19 21 22 | 22.9
Shapeshifting  | 4 5 6 7 8 9 11 12 13 14 15 16 17 18 19 20 | 20.9
Unarmed Combat | 4 6 9 11 12 14 15 16 17 18 19 20 21 22 23 24 27 | 27.0
Fighting       | 3 7 10 12 14 15 16 17 18 19 21 22 23 24 25 | 25.1
Stealth        | 3 6 8 10 11 12 13 | 13.0
Evocations     | 4 6 8 10 12 14 | 14.2
Shields        | 10 15 | 15.0

Action                     |  1- 3 |  4- 6 |  7- 9 | 10-12 | 13-15 | 16-18 | 19-21 | 22-24 | 25-27 || total
---------------------------+-------+-------+-------+-------+-------+-------+-------+-------+-------++-------
  Melee: Unarmed           |   118 |   226 |   239 |   546 |   893 |  1389 |  1293 |  1515 |  1762 ||  7981
         Tailslap          |    11 |    33 |    46 |   112 |   195 |   251 |   323 |   318 |   459 ||  1748
         Punch             |     1 |     5 |       |    15 |   122 |   175 |   217 |   254 |     2 ||   791
         Headbutt          |       |       |       |   140 |   253 |   356 |   420 |   459 |   580 ||  2208
         Maw               |       |       |       |    73 |   348 |   455 |   555 |   539 |   687 ||  2657
         Bite              |       |       |       |       |       |     9 |       |       |       ||     9
 Invoke: Serpent's Lash    |       |       |       |     1 |     1 |     4 |     5 |     4 |     7 ||    22
         Heavenly Storm    |       |       |       |       |       |       |       |     1 |     3 ||     4
Ability: Breathe Fire      |       |       |    26 |    40 |     7 |     4 |       |       |     2 ||    79
         Lunge             |       |       |       |    51 |    69 |   112 |   120 |   163 |   140 ||   655
         Whirlwind         |       |       |       |     6 |    25 |   222 |   153 |   425 |   374 ||  1205
         Wall Jump         |       |       |       |     1 |       |     1 |       |     3 |     1 ||     6
         Evoke Blink       |       |       |       |       |       |     3 |       |       |       ||     3
  Evoke: Wand              |       |     3 |       |    16 |     5 |     8 |     2 |       |     1 ||    35
         Phial of floods   |       |       |       |       |     1 |       |       |       |       ||     1
    Use: Scroll            |       |    10 |     6 |     9 |     5 |     3 |     2 |     4 |     2 ||    41
         Potion            |       |     2 |     2 |     2 |     3 |     5 |     2 |     3 |     8 ||    27
   Stab: Distracted        |     1 |       |       |       |     2 |     6 |    10 |    27 |     7 ||    53
         Sleeping          |       |     4 |       |       |     3 |    28 |    40 |    31 |    38 ||   144
         Confused          |       |       |       |       |       |     1 |       |       |       ||     1
 Armour: Skin              |    75 |   123 |   202 |   368 |   517 |   872 |   532 |   395 |   353 ||  3437
  Dodge: Dodged            |    82 |   148 |   163 |   305 |   586 |   905 |   659 |   689 |   742 ||  4279
  Block: Other             |       |       |       |       |       |   147 |   163 |   138 |     3 ||   451
         Reflection        |       |       |       |       |       |     8 |    12 |     9 |     9 ||    38
         Buckler           |       |       |       |       |       |       |       |       |   151 ||   151
         Kite shield       |       |       |       |       |       |       |       |       |   642 ||   642
   Form: Flux              |       |       |     1 |       |       |       |       |       |       ||     1
         Maw               |       |       |       |     1 |       |     1 |       |       |       ||     2
         Dragon            |       |       |       |       |       |     1 |       |       |       ||     1

Table legend: (Time is in decaauts)
 A = Elapsed time spent in this place.
 B = Non-inter-level travel time spent in this place.
 C = Inter-level travel time spent in this place.
 D = Time resting spent in this place.
 E = Time spent auto-exploring this place.
 F = Levels seen in this place.
 G = Mean time per level.
                   A        B        C        D        E       F      G
               +--------+--------+--------+--------+--------+-----+--------+
         Total |  76938 |  70528 |   6410 |   8595 |  46850 |  63 | 1221.2 |
       Dungeon |  22216 |  19780 |   2436 |   2478 |  13850 |  15 | 1481.1 |
        Temple |     18 |     16 |      2 |      0 |      0 |   1 |   18.0 |
          Lair |   7526 |   6499 |   1027 |    121 |   5219 |   5 | 1505.2 |
         Swamp |   2520 |   2416 |    104 |    269 |   1630 |   4 |  630.0 |
   Spider Nest |   5000 |   4837 |    163 |    962 |   3004 |   4 | 1250.0 |
    Slime Pits |   1911 |   1832 |     79 |   1238 |      0 |   5 |  382.2 |
  Orcish Mines |   2137 |   1882 |    255 |     81 |   1423 |   2 | 1068.5 |
   Elven Halls |   5253 |   4647 |    606 |    822 |   2631 |   3 | 1751.0 |
        Vaults |   9766 |   9102 |    664 |    177 |   7612 |   5 | 1953.2 |
         Crypt |   4273 |   4002 |    271 |    195 |   2704 |   3 | 1424.3 |
        Depths |   6433 |   6111 |    322 |    877 |   4131 |   4 | 1608.2 |
           Zot |   5660 |   5184 |    476 |    499 |   3436 |   5 | 1132.0 |
         Abyss |   2257 |   2257 |      0 |    164 |    636 |   3 |  752.3 |
        Bazaar |     61 |     61 |      0 |      0 |     24 |   1 |   61.0 |
         Trove |     86 |     86 |      0 |      0 |      0 |   1 |   86.0 |
      Ice Cave |   1132 |   1132 |      0 |    514 |    239 |   1 | 1132.0 |
      Gauntlet |    679 |    679 |      0 |    198 |    310 |   1 |  679.0 |
               +--------+--------+--------+--------+--------+-----+--------+

Top non-repeatable levels by time:
     D:8: 2958 daAuts
Vaults:3: 2357 daAuts
   Elf:3: 2319 daAuts
Vaults:1: 2295 daAuts
Depths:1: 2179 daAuts
Vaults:5: 2124 daAuts
     D:9: 2039 daAuts
    D:11: 2030 daAuts
  Lair:2: 1987 daAuts
Spider:2: 1877 daAuts
Depths:4: 1860 daAuts
Vaults:2: 1816 daAuts
    D:10: 1794 daAuts
    D:14: 1780 daAuts
  Lair:5: 1733 daAuts
